cohdb
Replays
Latest Replays
All Replays
Popular Replays
Top Player Replays
Match Explorer
How It Works
Community
CoH3 Stats
Reddit
Sign in to upload your games and track your stats! →
Sign in with Steam
Match 46340449
Unlisted
Match 46340449
Overview
Messages
Build Orders
End
Engineer Squad
Construct Barracks
Riflemen Squad
Selects Heavy Weapons
Riflemen Squad
Riflemen Squad
Construct Medical Station
Infantry Support Center
Selects M2HB .50cal Heavy Machine Gun
M1918 Browning Automatic Rifles
Engineer Squad
Riflemen Squad
Selects Assault Carriers
Survival Training
Engineer Squad
Grenade Package
Advanced Logistics
Riflemen Squad
Selects Halftrack Strongpoints
M1 Mortar Team
Construct Tank Depot
Herr Blautier
TBoR
BrainlesS
Ares
0
0
Comments
sign in to comment!
No comments posted yet!